 Dungeon Crawl Stone Soup version 0.31.0-10-gcf4a605ca0 (webtiles) character file.

Game seed: 9394216511007244626

3147988 Aviak the Unforgettable (level 27, 165/165 HPs)
             Began as a Gargoyle Gladiator on Jan 25, 2024.
             Was the Champion of Hepliaklqana.
             Escaped with the Orb
             ... and 4 runes
             ... and 3 gems (all intact)!
             The game lasted 02:39:45 (50534 turns).

Aviak the Unforgettable (Gargoyle Gladiator)       Turns: 50534, Time: 02:39:45

Health: 165/165    AC: 63    Str: 31    XL:     27
Magic:  47/47      EV: 10    Int: 17    God:    Hepliaklqana [******]
Gold:   3058       SH: 30    Dex: 15    Spells: 26/26 levels left

rFire   + + .        m - +9 demon whip (spect)
rCold   + + +        o - +8 tower shield {reflect}
rNeg    + + +        b - +4 gold dragon scales {rF+ rC+ rPois}
rPois   ∞            A - +2 helmet of Sicwutuz {rF- rN+ Int+2 Slay+3}
rElec   +            z - +0 cloak of Precision Catastrophes {rCorr}
rCorr   +            U - +0 pair of fencer's gloves {Riposte Dex+3}
SInv    .            q - +3 pair of boots "Gifaryl" {Int+4}
Will    ++...        H - amulet of Vitality {RegenMP++ Regen++} Stlth
                     Y - ring of Fettaiqo {rF+ rC++ rN+++ Dex-5 Stlth-}
HPRegen 2.07/turn    R - ring of Ypuarchoo {rF+ Will- MP+9 Str+3 Dex+6}
MPRegen 1.10/turn

%: reflection
@: flying
A: reduced essence, sickness immunity, AC +20, big wings, negative energy
resistance 1, electricity resistance, torment resistance 1, petrification
resistance, iridescent scales 1, strong-willed 1, screaming 1, weak 1,
persistent drain
0: Orb of Zot
}: 4/15 runes: serpentine, barnacled, silver, abyssal
a: Renounce Religion, Recall Ancestor, Ancestor Identity, Transference, Idealise


You escaped.
You worshipped Hepliaklqana.
Hepliaklqana was exalted by your worship.
You visited 10 branches of the dungeon, and saw 48 of its levels.
You visited the Abyss 1 time.
You visited 2 bazaars.
You also visited: Gauntlet, Ice Cave and Volcano.

You collected 6539 gold pieces.
You spent 3481 gold pieces at shops.

Inventory:

Hand Weapons
 m - a +9 spectral demon whip (weapon)
 B - a +9 sacred scourge of holy wrath
Missiles
 F - 10 silver javelins (quivered)
Armour
 b - +4 gold dragon scales (worn) {rF+ rC+ rPois}
 o - a +8 tower shield of reflection (worn)
 q - the +3 pair of boots "Gifaryl" (worn) {Int+4}
   (You acquired it on level 2 of the Snake Pit)

   Int+4:     It affects your intelligence (+4).
 z - the +0 cloak of Precision Catastrophes (worn) {rCorr}
   (You found it on level 2 of the Snake Pit)

   rCorr:     It protects you from acid and corrosion.
 A - the +2 helmet of Sicwutuz (worn) {rF- rN+ Int+2 Slay+3}
   (You bought it in a shop on level 2 of the Orcish Mines)

   Int+2:     It affects your intelligence (+2).
   Slay+3:    It affects your accuracy & damage with ranged weapons and melee
   (+3).
   rF-:       It makes you vulnerable to fire.
   rN+:       It protects you from negative energy.
 U - the +0 pair of fencer's gloves (worn) {Riposte Dex+3}
   (You found it in a Gauntlet)

   Riposte:   It allows the wearer to riposte with melee weapons, swiftly
   retaliating against missed or blocked melee attacks.
   Dex+3:     It affects your dexterity (+3).
Jewellery
 u - the ring "Fihenk" {^Drain EV+5 Dex+4}
   (You acquired it on level 1 of the Elven Halls)

   [ring of evasion]

   EV+5:      It affects your evasion (+5).
   Dex+4:     It affects your dexterity (+4).
   ^Drain:    It drains your maximum health when unequipped.
 w - the ring of Vemay {rC+ Str+6}
   (You found it on level 3 of the Elven Halls)

   [ring of strength]

   Str+6:     It affects your strength (+6).
   rC+:       It protects you from cold.
 H - the amulet of Vitality (around neck) {RegenMP++ Regen++}
   (You found it on level 4 of the Vaults)

   [amulet of magic regeneration]

   RegenMP:   It increases your rate of magic regeneration.
   Regen++:   It increases your rate of health regeneration.
 R - the ring of Ypuarchoo (right hand) {rF+ Will- MP+9 Str+3 Dex+6}
   (You acquired it on level 1 of the Elven Halls)

   [ring of dexterity]

   Str+3:     It affects your strength (+3).
   Dex+6:     It affects your dexterity (+6).
   rF+:       It protects you from fire.
   Will-:     It decreases your willpower.
   MP+9:      It affects your magic capacity (+9).
 X - the macabre finger necklace {Finger+ rN+}
   (You found it in a Gauntlet)

   [amulet of nothing]

   Finger+:   It enables you to equip an extra ring.
   rN+:       It protects you from negative energy.
 Y - the ring of Fettaiqo (left hand) {rF+ rC++ rN+++ Dex-5 Stlth-}
   (You took it off a deep elf master archer on level 3 of the Elven Halls)

   [ring of protection from fire]

   Dex-5:     It affects your dexterity (-5).
   rF+:       It protects you from fire.
   rC++:      It greatly protects you from cold.
   rN+++:     It renders you almost immune to negative energy.
   Stlth-:    It makes you less stealthy.
Wands
 v - a wand of quicksilver (20)
 D - a wand of flame (107)
 G - a wand of mindburst (28)
 T - a wand of digging (35)
 W - a wand of iceblast (28)
 Z - a wand of paralysis (47)
Scrolls
 d - 5 scrolls of fear
 g - 4 scrolls of torment {!r}
 i - 30 scrolls of identify
 k - 9 scrolls of immolation
 r - 2 scrolls of enchant weapon
 s - a scroll of summoning {!r}
 t - 13 scrolls of teleportation
 x - 4 scrolls of blinking
 C - 6 scrolls of brand weapon
 E - 3 scrolls of revelation
 J - 4 scrolls of silence {!r}
 L - 6 scrolls of poison
 Q - 7 scrolls of fog
Potions
 c - 13 potions of curing
 e - 4 potions of attraction
 f - 4 potions of haste
 h - 5 potions of heal wounds
 j - 11 potions of mutation {!q}
 l - 3 potions of cancellation
 n - 5 potions of berserk rage
 I - 2 potions of might
 K - 6 potions of lignification {!q}
 M - 5 potions of magic
 N - 5 potions of resistance
 S - 5 potions of invisibility
Miscellaneous
 a - a tin of tremorstones (1/2)
 y - a phantom mirror
 O - a phial of floods
 P - a box of beasts
 V - a lightning rod (4/4)


   Skills:
 - Level 22.0 Fighting
 - Level 9.7(15.8) Axes
 - Level 21.1(22.0) Maces & Flails
 - Level 4.0 Throwing
 - Level 22.0 Armour
 - Level 6.0 Dodging
 - Level 9.0 Stealth
 + Level 21.5 Shields
 - Level 23.0 Invocations
 - Level 9.1 Evocations


You had 26 spell levels left.
You didn't know any spells.
Your spell library contained the following spells:

 Spells                   Type           Power      Damage    Failure   Level
 Apportation              Tloc           0%         N/A       94%         1
 Foxfire                  Conj/Fire      0%         2x1d4     94%         1
 Freeze                   Ice            0%         1d3       94%         1
 Kiss of Death            Conj/Necr      0%         2d5       94%         1
 Magic Dart               Conj           0%         1d3       94%         1
 Necrotise                Necr           0%         1d4       94%         1
 Sandblast                Erth           0%         2d4       94%         1
 Shock                    Conj/Air       0%         1d3       94%         1
 Slow                     Hex            0%         N/A       94%         1
 Sting                    Conj/Alch      0%         1d3       94%         1
 Summon Small Mammal      Summ           0%         N/A       94%         1
 Blink                    Tloc           0%         N/A       98%         2
 Call Imp                 Summ           0%         N/A       98%         2
 Jinxbite                 Hex            0%         N/A       98%         2
 Lesser Beckoning         Tloc           0%         N/A       98%         2
 Mercury Vapours          Alch/Air       0%         N/A       98%         2
 Momentum Strike          Conj/Tloc      0%         3d8       98%         2
 Searing Ray              Conj           0%         2d4       98%         2
 Static Discharge         Conj/Air       0%         3-3/arc   98%         2
 Confusing Touch          Hex            0%         N/A       100%        3
 Dazzling Flash           Conj/Hex       0%         N/A       100%        3
 Hailstorm                Conj/Ice       0%         3d5       100%        3
 Inner Flame              Hex/Fire       0%         N/A       100%        3
 Mephitic Cloud           Conj/Alch/Air  0%         N/A       100%        3
 Stone Arrow              Conj/Erth      0%         3d7       100%        3
 Summon Ice Beast         Ice/Summ       0%         N/A       100%        3
 Swiftness                Air            0%         N/A       100%        3
 Tukima's Dance           Hex            0%         N/A       100%        3
 Volatile Blastmotes      Fire/Tloc      0%         2d10      100%        3
 Airstrike                Air            0%         2d(0-16)  100%        4
 Brom's Barrelling Bould  Conj/Erth      0%         2d3       100%        4
 Cause Fear               Hex            0%         N/A       100%        4
 Dispel Undead            Necr           0%         3d6       100%        4
 Fulminant Prism          Conj/Alch      0%         3d5       100%        4
 Iskenderun's Mystic Bla  Conj/Tloc      0%         2d3       100%        4
 Leda's Liquefaction      Alch/Erth      0%         N/A       100%        4
 Olgreb's Toxic Radiance  Alch           0%         N/A       100%        4
 Passage of Golubria      Tloc           0%         N/A       100%        4
 Summon Blazeheart Golem  Fire/Summ      0%         N/A       100%        4
 Summon Lightning Spire   Summ/Air       0%         N/A       100%        4
 Vhi's Electric Charge    Tloc/Air       0%         N/A       100%        4
 Arcjolt                  Conj/Air       0%         1d10      100%        5
 Curse of Agony           Necr           0%         N/A       100%        5
 Fireball                 Conj/Fire      0%         3d3       100%        5
 Freezing Cloud           Conj/Ice/Air   0%         6-21      100%        5
 Irradiate                Conj/Alch      0%         3d11      100%        5
 Lee's Rapid Deconstruct  Erth           0%         3d4*      100%        5
 Metabolic Englaciation   Hex/Ice        0%         N/A       100%        5
 Silence                  Hex/Air        0%         N/A       100%        5
 Summon Forest            Summ/Tloc      0%         N/A       100%        5
 Yara's Violent Unravell  Hex/Alch       0%         3d3       100%        5
 Bombard                  Conj/Erth      0%         9d1       100%        6
 Conjure Ball Lightning   Conj/Air       0%         3x3d6     100%        6
 Plasma Beam              Fire/Air       0%         2x1d10    100%        6
 Sculpt Simulacrum        Ice/Alch       0%         N/A       100%        6
 Enfeeble                 Hex            0%         N/A       100%        7
 Haunt                    Necr/Summ      0%         N/A       100%        7
 Orb of Destruction       Conj           0%         9d5       100%        7
 Spellforged Servitor     Conj/Summ      0%         N/A       100%        7
 Summon Hydra             Summ           0%         N/A       100%        7
 Discord                  Hex            0%         N/A       100%        8
 Disjunction              Tloc           0%         N/A       100%        8
 Ignition                 Fire           0%         3d3       100%        8
 Lehudib's Crystal Spear  Conj/Erth      0%         10d2      100%        8
 Maxwell's Capacitive Co  Air            0%         ∞         100%        8
 Dragon's Call            Summ           0%         N/A       100%        9
 Shatter                  Erth           0%         3d5*      100%        9
 Sublimation of Blood     Necr           Unusable   N/A       N/A         2

Dungeon Overview and Level Annotations

Branches:
Dungeon (15/15)            Temple (1/1) D:6            Lair (5/5) D:11
 Shoals (4/4) Lair:3        Snake (4/4) Lair:2        Slime (0/5) Lair:5
    Orc (2/2) D:9             Elf (3/3) Orc:2        Vaults (5/5) D:14
  Crypt (0/3) Vaults:3     Depths (4/4) D:15            Zot (5/5) Depths:4
  IceCv (visited)         Volcano (visited)         Gauntlet (visited)

Altars:
Ashenzari
Cheibriados
Dithmenos
Elyvilon
Fedhas
Gozag
Hepliaklqana
Kikubaaqudgha
Makhleb
Nemelex Xobeh
Okawaru
Qazlal
Ru
Sif Muna
Trog
Uskayaw
Vehumet
Wu Jian
Xom
Yredelemnul
Zin
The Shining One
Jiyva

Shops:
D:1 *   D:5 :   D:12 *   Orc:2 (:[*   Elf:1 *?([   Snake:1 (   Snake:2 ?*=
Snake:3 (?*([   Snake:4 [   Vaults:2 (   Vaults:3 ?([   Vaults:5 (
Depths:1 =::

Portals:
Hell: Depths:1 Depths:2 Depths:3*
Abyss: Depths:3
Pandemonium: Depths:2
Ziggurat: Depths:1

Annotations:
D:6 5 runed translucent doors, Domino's ghost, novice MiFi
Lair:5 1 runed translucent door
Zot:4 1 transporter, Decrayps's ghost, veteran FeEn; Emnejil's ghost, master VSBe; Netemen's ghost, master GnFi


Innate Abilities, Weirdness & Mutations

Your life essence is reduced to manifest your ancestor. (-10% HP)
You are immune to sickness and miasma.
Your stone body is resilient. (AC +20)
You are immune to poison.
Your large and strong wings let you fly.
You resist negative energy. (rN+)
You are resistant to electric shocks. (rElec)
You are resistant to unholy torment.
You are immune to petrification.
You are partially covered in iridescent scales. (AC +2)
You are strong-willed. (Will+)
You occasionally shout uncontrollably at your foes.
You are weak. (Str -2)
Your health recovers twice as slowly from being drained.


Message History

The green death roars!
Tiberia hits the green death but does no damage.
Tiberia hits the green death with a +0 antimagic quick blade!
The green death's magic leaks into the air.
Aiming: Dig
Press: ? - help, Shift-Dir - straight line A rock wall.
This square is covered in magical glow.
The rock shatters into small pieces.
The green death falters for a moment.
Tiberia casts a spell.
The green death resists with almost no effort.
Tiberia mumbles some strange words.
Tiberia seems to speed up.
The green death's magic is no longer disrupted.
Tiberia hits the green death with a +0 antimagic quick blade!
The green death's magic leaks into the air.
Tiberia hits the green death with a +0 antimagic quick blade.
The green death's magic leaks into the air.
The green death gestures at you. The poison arrow hits you.
You partially resist.
Tiberia hits the green death with a +0 antimagic quick blade.
The green death's magic leaks into the air.
Tiberia hits the green death with a +0 antimagic quick blade!!
The green death's magic leaks into the air.
Tiberia hits the green death with a +0 antimagic quick blade!
The green death's magic leaks into the air.
Tiberia hits the green death with a +0 antimagic quick blade.
The green death's magic leaks into the air.
The green death hits Tiberia but does no damage.
Tiberia casts a spell.
The green death resists with almost no effort.
There is a stone staircase leading up here.
You fly upwards.
There is a stone staircase leading down here.
You reach down and open the large door.
There is a large open door here.
There is a large open door here.
There is a fountain of clear blue water here.
There is a staircase leading out of the dungeon here.
You have escaped!

##.######.............#.#
#######
#.##########.#.###.###.#
......# #.#....8.....#.#
#.# #.# ......#
#.#.##...##..#.# #.# #.#
......# #.#..##.##...#.#
#.# #.# ......#
#.##..#+#..#.#.# #.# #.#
......# #.....#+#..#.#.#
#.# #.# ......#
#....##⌠##...#.###.###.#
......#
#.#..'⌠@⌠'..............
......#
#.#..##⌠##...#########.#
......# #.##..#'#....>...#
#.# ......##
#.##..#'#...####.# #.#
.......###.#..##.##..# #.#
#.# ##+###...#.#.##...##.#
#.# #.#
#.........#....8....####.#
#.#
########.#.##.............#
#.#
.............#............#
#)#


There were no monsters in sight!

Vanquished Creatures
  3 dread liches
  4 orbs of fire
  4 ancient liches
  A Killer Klown (Zot:5)
  Boris (twice) (Vaults:4 Depths:3)
  Saint Roka (Depths:2)
  6 golden dragons
  the Enchantress (Depths:2)
  3 bone dragons
  2 electric golems
  Nikola (Depths:2)
  A doom hound (Depths:2)
  A Hell Sentinel (Zot:4)
  Jorgrun (D:12)
  21 Orb Guardians
  Asterion (Snake:4)
  6 liches
  13 tentacled monstrosities
  6 deep elf blademasters
  4 quicksilver dragons
  4 titans (Vaults:5)
  5 deep elf master archers
  9 death cobs
  7 sphinxes
  2 tentacled starspawn (Abyss:2)
  An Executioner (Depths:1)
  5 shadow dragons (Vaults:5)
  9 tengu reavers
  Kirke (Lair:4)
  7 storm dragons
  A storm dragon (shapeshifter) (Depths:2)
  4 draconian monks
  4 nagarajas (Snake:4)
  2 draconian shifters
  A draconian knight (Zot:5)
  An iron dragon (shapeshifter) (Depths:2)
  6 fire giants
  5 frost giants
  5 deep elf sorcerers
  15 vault wardens
  An orc warlord (Vaults:4)
  2 iron dragons
  3 balrugs (Depths:2)
  2 draconian scorchers
  2 ghost moths (Zot:5)
  2 angels
  4 deep elf elementalists
  3 cacodemons
  A reaper (Depths:2)
  The ghost of Skimidon the Grappler, a journeyman DrSh of the Shining One (Orc:2)
  11 ironbound preservers
  A quicksilver ooze (Gauntlet)
  14 very ugly things
  2 draconian annihilators
  3 spriggan defenders (Depths:2)
  4 ironbound thunderhulks
  14 stone giants
  2 black draconians (Zot:5)
  The ghost of Shym the Covert, a journeyman SpDe of Elyvilon (Lair:5)
  6 deep elf death magi
  4 deep elf demonologists
  6 deep elf annihilators
  4 red draconians (Zot:5)
  Azrael (D:13)
  7 green draconians
  15 dire elephants
  A minotaur (Gauntlet)
  7 yellow draconians
  7 purple draconians
  4 war gargoyles
  5 white draconians
  9 merfolk impalers
  5 spark wasps (Depths:1)
  9 ettins
  5 fire dragons
  3 crystal guardians (Vaults:4)
  6 merfolk javelineers (Shoals:4)
  Josephine (D:10)
  10 yaktaur captains
  An entropy weaver (shapeshifter) (Depths:1)
  A shambling mangrove (Abyss:3)
  7 rakshasas
  An entropy weaver (Vaults:1)
  3 deep elf high priests
  4 salamander tyrants
  3 peacekeepers (Vaults:4)
  36 vault guards
  2 great orbs of eyes
  9 hydras
  A juggernaut simulacrum (Depths:2)
  6 ice dragons
  An ogre mage (Vaults:1)
  8 anacondas
  5 centaur warriors
  An alligator (Snake:1)
  A spriggan skeleton (Depths:1)
  8 spriggan air magi
  11 ironbound frosthearts
  2 merfolk avatars
  3 alligator snapping turtles
  A death knight (D:15)
  5 boulder beetles
  11 deep troll shamans
  An alligator (shapeshifter) (Depths:1)
  A satyr (Shoals:4)
  6 merfolk aquamancers (Shoals:4)
  A sphinx skeleton (D:15)
  4 tengu warriors
  7 two-headed ogres
  A holy swine (Shoals:4)
  4 death yaks
  9 deep troll earth magi
  9 naga warriors
  20 dancing weapons
  A thrashing horror (Abyss:2)
  3 hell hogs (Zot:2)
  6 orc high priests
  8 spriggan berserkers
  5 hell knights
  18 deep elf knights
  2 sixfirhies
  5 naga sharpshooters
  A sun demon (Depths:2)
  A fire crab (Volcano)
  13 shock serpents
  7 skysharks
  3 skeletal warriors
  2 wretched stars (Abyss:2)
  A fire crab (shapeshifter) (Depths:1)
  8 iron trolls
  A titan skeleton (Depths:1)
  3 flayed ghosts
  36 deep trolls
  A salamander mystic (Snake:4)
  6 glowing orange brains
  8 sea snakes
  A cherub (Shoals:4)
  2 sun moths (Depths:2)
  3 goliath frogs (Snake:1)
  6 naga ritualists
  A sea snake (shapeshifter) (Vaults:5)
  A deep troll (shapeshifter) (Depths:1)
  An orb spider (shapeshifter) (Vaults:5)
  3 arcanists
  A bog body (IceCv)
  16 mana vipers
  15 deep elf archers
  2 obsidian statues
  20 harpies
  8 necromancers
  A steelbarb worm (shapeshifter) (Vaults:4)
  23 deep elf pyromancers
  15 spriggan simulacra
  7 lindwurms
  2 manticores (shapeshifter)
  20 ironbound convokers
  15 ugly things
  A tengu skeleton (Depths:1)
  9 orc knights
  7 orc sorcerers
  A fire giant zombie (Depths:1)
  25 deep elf zephyrmancers
  4 large abominations
  15 manticores
  3 worldbinders (Abyss:3)
  7 fauns
  13 cyclopes
  2 iron dragon zombies (Depths:1)
  9 salamanders
  7 elephants
  7 guardian serpents
  6 moths of wrath
  5 water nymphs
  11 naga magi
  3 torpor snails (Lair:5)
  4 merfolk sirens
  36 black mambas
  13 vault sentinels
  A gargoyle (D:12)
  2 kobold blastminers (Orc:2)
  2 rime drakes (Lair:5)
  7 cane toads
  Maggie (D:7)
  A rime drake (shapeshifter) (Depths:1)
  14 yaktaurs
  3 freezing wraiths
  2 hexers
  3 komodo dragons
  2 efreet
  8 ice devils (IceCv)
  3 tormentors
  8 tengu conjurers
  2 yaktaurs (shapeshifter) (Depths:2)
  2 anaconda simulacra (IceCv)
  A golden dragon simulacrum (IceCv)
  2 trolls (shapeshifter) (Depths:1)
  15 merfolk
  3 tyrant leeches (Lair:5)
  A tarantella (Vaults:1)
  4 wind drakes
  6 hornets
  A polar bear (shapeshifter) (Depths:1)
  A polar bear (Lair:5)
  2 trolls
  8 blink frogs
  2 spriggan zombies
  6 snapping turtles
  A glass eye (Depths:1)
  11 dream sheep
  16 slime creatures
  A shadow (D:10)
  A spriggan (Depths:2)
  3 wyverns
  A dire elephant simulacrum (IceCv)
  An air elemental (Elf:3)
  6 wraiths
  13 water elementals
  38 yaks
  A ynoxinul (Abyss:2)
  5 starcursed masses (Abyss:2)
  16 humans (D:14)
  A fire bat (Volcano)
  A hog (Lair:4)
  3 minotaur simulacra (IceCv)
  2 redbacks (Vaults:1)
  7 basilisks
  A neqoxec (Zot:2)
  4 fire elementals
  A steam dragon (Lair:3)
  17 wargs
  18 vampire mosquitoes
  2 chaos spawn (Abyss:2)
  A harpy simulacrum (IceCv)
  27 nagas
  5 hell hounds
  Duvessa (D:7)
  An acid dragon (shapeshifter) (Elf:2)
  13 water moccasins
  24 orc warriors
  4 sky beasts
  2 black bears
  An ice beast (D:8)
  2 laughing skulls (D:15)
  11 ogres
  An ogre (shapeshifter) (Elf:1)
  A small abomination (Abyss:2)
  A wolf (Lair:2)
  14 centaurs
  3 kobold brigands
  A brain worm (Abyss:2)
  A brain worm (shapeshifter) (D:13)
  3 bullfrogs
  6 deep troll simulacra (IceCv)
  A gnoll sergeant (D:8)
  2 scorpions
  3 earth elementals
  2 wights
  Dowan (D:7)
  9 killer bees (D:9)
  4 howler monkeys
  An electric eel (Snake:1)
  2 bombardier beetles
  3 hounds
  4 jellies
  30 orc priests
  20 orc wizards
  A sleepcap (D:8)
  2 iguanas (D:6)
  10 hell rats
  12 gnolls
  6 adders
  2 shadow imps (D:6)
  3 white imps
  5 ufetubi
  5 dart slugs
  6 ribbon worms
  90 orcs
  2 bats (D:1)
  3 endoplasms
  2 giant cockroaches
  9 goblins
  13 hobgoblins
  5 jackals (D:2)
  4 quokkas
  8 ball pythons
  6 frilled lizards
  16 kobolds
  6 rats
  11 spectral weapons
  4 starspawn tentacles (Abyss:2)
1768 creatures vanquished.

Vanquished Creatures (collateral kills)
  3 ancient liches (Zot:5)
  Boris (Depths:2)
  A Killer Klown (Zot:5)
  A doom hound (Depths:2)
  The ghost of Xutext the Spry, an adept DsAK of Lugonu (Depths:1)
  6 Orb Guardians
  2 tentacled monstrosities (Zot:5)
  Mlioglotl (Snake:3)
  A walking crystal tome (Depths:2)
  A titan (Vaults:5)
  Grunn (Depths:2)
  A sphinx (Depths:1)
  A tengu reaver (Depths:2)
  2 storm dragons
  2 nagarajas (Snake:4)
  2 shadow dragons (Zot:3)
  3 fire giants
  2 draconian shifters
  A draconian monk (Zot:4)
  2 vault wardens (Vaults:5)
  3 frost giants
  A balrug (Depths:2)
  An ironbound preserver (Vaults:5)
  3 stone giants
  4 very ugly things
  A draconian annihilator (Zot:5)
  A deep elf death mage (Elf:1)
  A putrid mouth (Depths:2)
  A green draconian (Zot:5)
  2 purple draconians (Zot:5)
  A red draconian (Zot:5)
  A spark wasp (shapeshifter) (Vaults:5)
  A blizzard demon (D:12)
  A deep elf high priest (Vaults:5)
  A merfolk javelineer (Shoals:4)
  3 ettins
  A merfolk impaler (Shoals:4)
  A salamander tyrant (Depths:2)
  2 ogre magi (Vaults:5)
  An ice dragon (Depths:4)
  3 rakshasas
  2 vault guards
  3 hydras
  4 anacondas
  3 catoblepae
  2 two-headed ogres
  2 boulder beetles
  A centaur warrior (D:15)
  2 ironbound frosthearts
  2 naga warriors
  7 dancing weapons
  2 deep troll shamans
  2 alligator snapping turtles (Snake:1)
  2 merfolk aquamancers (Shoals:4)
  A deep troll earth mage (Depths:2)
  A tengu warrior (Depths:4)
  3 shock serpents
  An orc high priest (Orc:2)
  2 hell knights (Depths:3)
  3 deep elf knights
  A skyshark (Lair:2)
  A shadow wraith (Vaults:5)
  A salamander mystic (Snake:4)
  2 iron trolls
  5 deep trolls
  2 glowing orange brains (Gauntlet)
  A sea snake (Shoals:2)
  A flayed ghost (Vaults:5)
  A cherub (Shoals:4)
  An arcanist (Vaults:3)
  A golden dragon zombie (Depths:1)
  2 harpies
  5 mana vipers
  2 naga ritualists
  3 deep elf archers
  A spriggan simulacrum (IceCv)
  4 deep elf zephyrmancers
  2 ironbound convokers
  4 lindwurms
  5 deep elf pyromancers
  A phantasmal warrior (Vaults:5)
  3 manticores
  A faun (Shoals:2)
  2 orc sorcerers
  4 cyclopes
  2 moths of wrath
  Maurice (D:7)
  4 salamanders
  5 ugly things
  5 elephants
  9 black mambas
  6 guardian serpents
  3 torpor snails (Lair:5)
  5 cane toads
  2 naga magi
  A gargoyle (D:11)
  2 rime drakes
  A komodo dragon (Lair:2)
  A komodo dragon (shapeshifter) (Vaults:5)
  A freezing wraith (Vaults:5)
  3 yaktaurs
  An ice devil (IceCv)
  A tengu conjurer (Depths:2)
  4 merfolk
  2 hornets (Lair:5)
  2 trolls
  A polar bear (Lair:4)
  A hornet (shapeshifter) (Depths:1)
  A tyrant leech (Lair:5)
  A dream sheep (shapeshifter) (Vaults:5)
  A snapping turtle (Snake:1)
  A dream sheep (Lair:4)
  A slime creature (Vaults:4)
  6 water elementals
  A spriggan (Depths:2)
  2 basilisks
  3 wargs
  A fire bat (Volcano)
  A minotaur simulacrum (IceCv)
  20 yaks
  A fire elemental (Elf:1)
  2 humans (D:14)
  6 vampire mosquitoes
  A naga (shapeshifter) (Depths:1)
  5 nagas
  A hydra simulacrum (IceCv)
  2 water moccasins
  An orc warrior (D:15)
  2 centaurs
  2 wolves (Lair:2)
  3 bullfrogs
  An earth elemental (Elf:1)
  4 wights (Abyss:2)
  3 howler monkeys
  5 orc priests
  2 orc wizards
  A hell rat (Lair:5)
  A white imp (Abyss:2)
  6 orcs
321 creatures vanquished.

Vanquished Creatures (others)
  A fire giant (Depths:2)
  A spriggan berserker (Depths:2)
  A deep elf knight (Elf:2)
  A deep elf archer (Elf:1)
  A blink frog (Lair:4)
  4 humans (Lair:4)
  A wolf (Lair:5)
  A centaur (Volcano)
  38 hexers
  3 ancestors (D:9)
  An orc wizard (D:3)
  A hell rat (Lair:4)
  An orc (D:5)
  43 spectral weapons
  4 starspawn tentacles (Abyss:2)
102 creatures vanquished.

Grand Total: 2191 creatures vanquished

Notes
Turn   | Place    | Note
-------+----------+-------------------------------------------
     0 | D:1      | Aviak the Gargoyle Gladiator began the quest for the Orb.
     0 | D:1      | Reached XP level 1. HP: 12/12 MP: 1/1
   102 | D:1      | Found Beriedoam's Assorted Antiques.
   195 | D:1      | Reached XP level 2. HP: 18/18 MP: 2/2
   998 | D:2      | Reached XP level 3. HP: 19/22 MP: 3/3
  1322 | D:2      | Reached XP level 4. HP: 27/28 MP: 4/4
  2267 | D:2      | Reached skill level 1 in Armour
  2501 | D:3      | Reached XP level 5. HP: 29/32 MP: 5/5
  2740 | D:3      | Reached XP level 6. HP: 33/38 MP: 6/6
  3043 | D:3      | Found a faded altar of an unknown god.
  3421 | D:4      | Reached skill level 5 in Maces & Flails
  3421 | D:4      | Reached XP level 7. HP: 37/44 MP: 7/7
  3448 | D:4      | Reached skill level 5 in Fighting
  3706 | D:4      | Found an ancient bone altar of Kikubaaqudgha.
  3707 | D:4      | Found an iron altar of Okawaru.
  3724 | D:4      | Found a stormy altar of Qazlal.
  3724 | D:4      | Found a shadowy altar of Dithmenos.
  3724 | D:4      | Found a blossoming altar of Fedhas.
  3724 | D:4      | Found a glowing golden altar of the Shining One.
  3950 | D:5      | Entered Level 5 of the Dungeon
  4130 | D:5      | Found Hizimp's Tiny Tomes.
  4446 | D:5      | Found a radiant altar of Vehumet.
  4483 | D:5      | Reached XP level 8. HP: 51/51 MP: 8/8
  4740 | D:6      | Reached skill level 5 in Armour
  4907 | D:6      | Found a snail-covered altar of Cheibriados.
  4936 | D:6      | Found a runed translucent door.
  4977 | D:6      | Noticed Domino's ghost (novice MiFi)
  5006 | D:6      | Found a large runed translucent door.
  5006 | D:6      | Found a large runed translucent door.
  5029 | D:6      | Noticed a two-headed ogre
  5051 | D:6      | Killed a two-headed ogre
  5052 | D:6      | Reached XP level 9. HP: 27/58 MP: 9/9
  5183 | D:6      | Noticed a two-headed ogre
  5183 | D:6      | Noticed a kobold demonologist
  5344 | D:6      | Found a large runed translucent door.
  5344 | D:6      | Found a large runed translucent door.
  5503 | D:6      | Noticed a manticore
  5527 | D:6      | Killed a manticore
  5822 | D:6      | Found a staircase to the Ecumenical Temple.
  5831 | Temple   | Entered the Ecumenical Temple
  5858 | Temple   | Became a worshipper of Hepliaklqana the Forgotten
  6194 | D:6      | Found an opulent altar of Gozag.
  6194 | D:6      | Found a sparkling altar of Nemelex Xobeh.
  6379 | D:7      | Noticed Maurice
  6446 | D:7      | Noticed a komodo dragon
  6454 | D:7      | Killed a komodo dragon
  6455 | D:7      | Reached skill level 1 in Invocations
  6638 | D:7      | Noticed Dowan
  6656 | D:7      | Killed Dowan
  6659 | D:7      | Noticed Duvessa
  6681 | D:7      | Killed Duvessa
  6682 | D:7      | Reached skill level 2 in Invocations
  6769 | D:7      | Noticed Maggie
  6792 | D:7      | Killed Maggie
  6793 | D:7      | Reached XP level 10. HP: 30/66 MP: 10/12
  6858 | D:7      | Something stole a +0 spear
  6867 | D:7      | Something stole a javelin
  7055 | D:6      | Reached skill level 3 in Invocations
  7128 | D:8      | Noticed a manticore
  7148 | D:8      | Killed a manticore
  7268 | D:8      | Reached skill level 4 in Invocations
  7290 | D:8      | Reached skill level 5 in Invocations
  7673 | D:8      | Reached skill level 6 in Invocations
  7785 | D:8      | Reached * piety under Hepliaklqana
  8443 | D:7      | Reached skill level 7 in Invocations
  8602 | D:7      | Maurice stole 381 gold
  8610 | D:7      | Killed Maurice
  9012 | D:9      | Reached skill level 8 in Invocations
  9153 | D:9      | Reached XP level 11. HP: 60/63 MP: 17/17
  9178 | D:9      | Noticed a two-headed ogre
  9196 | D:9      | Killed a two-headed ogre
  9197 | D:9      | Reached skill level 9 in Invocations
  9208 | D:9      | Found a staircase to the Orcish Mines.
  9674 | D:9      | Found a sacrificial altar of Ru.
  9920 | D:9      | Reached ** piety under Hepliaklqana
  9921 | D:9      | Remembered your ancestor Tiberia as a hexer
  9967 | D:9      | Reached skill level 10 in Invocations
 10331 | D:10     | Entered Level 10 of the Dungeon
 10539 | D:10     | Noticed a cyclops
 10545 | D:10     | Killed a cyclops
 10721 | D:10     | Found an ornate altar of the Wu Jian Council.
 10836 | D:10     | Noticed Josephine
 10868 | D:10     | Killed Josephine
 11224 | D:10     | Found a burning altar of Makhleb.
 11295 | D:11     | Noticed a cyclops
 11310 | D:11     | Killed a cyclops
 11430 | D:11     | Identified the +6 mace of a bazaar {freeze, +Blink rF++
                  | Str-5 Stlth+}
 11447 | D:11     | Noticed a cyclops
 11455 | D:11     | Killed a cyclops
 11596 | D:11     | Reached skill level 10 in Armour
 11653 | D:11     | Found a staircase to the Lair.
 11713 | D:11     | Reached skill level 10 in Fighting
 11857 | D:11     | Noticed a manticore
 11860 | D:11     | Noticed a two-headed ogre
 11862 | D:11     | Noticed a boulder beetle
 11876 | D:11     | Killed a two-headed ogre
 11876 | D:11     | Killed a manticore
 11877 | D:11     | Reached skill level 10 in Maces & Flails
 11877 | D:11     | Reached skill level 11 in Invocations
 11877 | D:11     | Reached XP level 12. HP: 54/69 MP: 20/20
 12039 | D:11     | Reached *** piety under Hepliaklqana
 12507 | Lair:1   | Entered Level 1 of the Lair of Beasts
 12508 | Lair:1   | Noticed a boulder beetle
 12557 | Lair:1   | Killed a boulder beetle
 12589 | Lair:1   | Found a dark tunnel.
 12602 | Volcano  | Entered a volcano
 12738 | Volcano  | Noticed a two-headed ogre
 12746 | Volcano  | Killed a two-headed ogre
 12754 | Volcano  | HP: 3/71 [salamander/+1 trident of flaming (4)]
 12754 | Volcano  | HP: 1/71 [salamander/+1 trident of flaming (2)]
 13097 | Lair:1   | Reached skill level 12 in Invocations
 13098 | Lair:1   | Reached skill level 1 in Evocations
 13468 | Lair:1   | Noticed a six-headed hydra
 13475 | Lair:1   | Killed a six-headed hydra
 13525 | Lair:1   | Reached **** piety under Hepliaklqana
 14028 | Lair:2   | Reached skill level 5 in Evocations
 14028 | Lair:2   | Reached XP level 13. HP: 54/75 MP: 22/22
 14791 | Lair:2   | Identified the maw talisman of a sewer {rCorr Dex+3 Slay+2
                  | Stlth-}
 14796 | Lair:2   | Identified the +6 broad axe of Inquiry {freeze, rN+}
 15112 | Lair:2   | Found a staircase to the Snake Pit.
 15118 | Lair:2   | Reached skill level 1 in Axes
 15720 | Lair:3   | Reached ***** piety under Hepliaklqana
 15770 | Lair:3   | Found a staircase to the Shoals.
 16294 | Lair:3   | Reached skill level 13 in Invocations
 16905 | Lair:4   | Noticed Kirke
 16913 | Lair:4   | Gained mutation: Your large and strong wings let you fly.
                  | [Gargoyle growth]
 16913 | Lair:4   | Reached XP level 14. HP: 74/82 MP: 19/23
 16913 | Lair:4   | Killed Kirke
 17023 | Lair:4   | Found a gate leading to a gauntlet.
 17067 | Gauntlet | Entered a Gauntlet
 17067 | Gauntlet | Found a transporter.
 17243 | Gauntlet | Noticed a quicksilver ooze
 17246 | Gauntlet | Found a transporter.
 17264 | Gauntlet | Found a transporter.
 17267 | Gauntlet | Found a transporter.
 17288 | Gauntlet | Found a transporter.
 17289 | Gauntlet | Found the +0 pair of fencer's gloves {Riposte Dex+3}
 17301 | Gauntlet | Found a transporter.
 17315 | Gauntlet | Found a transporter.
 17344 | Gauntlet | Found a transporter.
 17344 | Gauntlet | Found a transporter.
 17351 | Gauntlet | Found a transporter.
 17383 | Gauntlet | Found a transporter.
 17383 | Gauntlet | Found a transporter.
 17435 | Gauntlet | Killed a quicksilver ooze
 17501 | Gauntlet | Found the macabre finger necklace {Finger+ rN+}
 17511 | Gauntlet | Identified the ring "Siathraf" {EV+5 Stlth+}
 17737 | Lair:4   | Reached skill level 14 in Invocations
 18385 | Lair:5   | Entered Level 5 of the Lair of Beasts
 18614 | Lair:5   | Found a runed translucent door.
 18618 | Lair:5   | Noticed Shym's ghost (journeyman SpDe)
 19584 | Lair:5   | Found a runed translucent door.
 19585 | Lair:5   | Found a viscous altar of Jiyva.
 19585 | Lair:5   | Noticed an acid blob
 19587 | Lair:5   | Noticed an acid blob
 19587 | Lair:5   | Noticed an acid blob
 19636 | Lair:5   | Found a staircase to the Slime Pits.
 19951 | Lair:5   | Reached XP level 15. HP: 75/90 MP: 26/26
 20061 | Lair:5   | Identified the +10 orcbow of the Throat {heavy, rF+ SInv}
 20302 | Lair:5   | Killed Shym's ghost
 20303 | Lair:5   | Reached skill level 15 in Invocations
 20950 | D:12     | Found the +10 zealot's sword {holy, Zealotry, *Rage rN+
                  | EV+3}
 21430 | D:12     | Noticed Jorgrun
 21439 | D:12     | Killed Jorgrun
 21649 | D:12     | Found Duyneymn's General Store.
 21655 | D:12     | Bought a scroll of brand weapon for 133 gold pieces
 21804 | Orc:1    | Entered Level 1 of the Orcish Mines
 22305 | Orc:2    | Entered Level 2 of the Orcish Mines
 22385 | Orc:2    | Found a runed translucent gate.
 22385 | Orc:2    | Found a runed translucent gate.
 22385 | Orc:2    | Found a runed translucent gate.
 22387 | Orc:2    | Found an opulent altar of Gozag.
 22389 | Orc:2    | Noticed Skimidon's ghost (journeyman DrSh)
 22390 | Orc:2    | Found Boutyah's Assorted Antiques.
 22407 | Orc:2    | Found Wisoenor's Book Boutique.
 22434 | Orc:2    | Found Ygigubef's Antique Armour Shop.
 22463 | Orc:2    | Bought a shimmering helmet for 275 gold pieces
 22463 | Orc:2    | Identified the +2 helmet of Sicwutuz {rF- rN+ Int+2 Slay+3}
                  | (You bought it in a shop on level 2 of the Orcish Mines)
 22778 | Orc:2    | Found a staircase to the Elven Halls.
 22808 | Orc:2    | Found Aseriun's Weapon Boutique.
 23280 | Orc:2    | Killed Skimidon's ghost
 23291 | Orc:2    | Bought a scroll of identify for 78 gold pieces
 23291 | Orc:2    | Bought a scroll of identify for 78 gold pieces
 23617 | Orc:1    | Reached skill level 15 in Fighting
 23997 | D:13     | Found a blossoming altar of Fedhas.
 24003 | D:13     | Reached skill level 15 in Armour
 24105 | D:13     | Noticed Azrael
 24114 | D:13     | Killed Azrael
 24115 | D:13     | Reached skill level 16 in Invocations
 24825 | D:14     | Reached skill level 1 in Stealth
 24876 | D:14     | Reached skill level 1 in Shields
 24884 | D:14     | Reached XP level 16. HP: 51/97 MP: 28/28
 24931 | D:14     | Found a gate to the Vaults.
 25903 | D:15     | Entered Level 15 of the Dungeon
 25939 | D:15     | Reached skill level 5 in Shields
 26107 | D:15     | Found a staircase to the Depths.
 26739 | Elf:1    | Entered Level 1 of the Elven Halls
 26744 | Elf:1    | Found Vyubbo's Assorted Antiques.
 26770 | Elf:1    | Bought a potion of curing for 108 gold pieces
 26914 | Elf:1    | Found Aliynkaoso's Antique Weapon Boutique.
 26941 | Elf:1    | Reached skill level 17 in Invocations
 27046 | Elf:1    | Found Vutos's Antique Armour Shoppe.
 27051 | Elf:1    | Bought a pair of ichor-stained gloves for 275 gold pieces
 27051 | Elf:1    | Identified the +0 pair of gloves of Wofyzakh {^Contam
                  | Rampage +Inv Will++} (You bought it in a shop on level 1 of
                  | the Elven Halls)
 27058 | Elf:1    | Found Aruq's Magic Scroll Emporium.
 27066 | Elf:1    | Bought a scroll of fear for 60 gold pieces
 27066 | Elf:1    | Bought a scroll of acquirement for 780 gold pieces
 27066 | Elf:1    | Bought a scroll of identify for 30 gold pieces
 27066 | Elf:1    | Bought a scroll of teleportation for 45 gold pieces
 27066 | Elf:1    | Bought a scroll of teleportation for 45 gold pieces
 27066 | Elf:1    | Bought a scroll of identify for 30 gold pieces
 27068 | Elf:1    | Acquired the ring "Fihenk" {^Drain EV+5 Dex+4}
 27073 | Elf:1    | Acquired the ring of Ypuarchoo {rF+ Will- MP+9 Str+3 Dex+6}
 27151 | Elf:1    | Reached ****** piety under Hepliaklqana
 27695 | Elf:1    | Found Duful's Magic Scroll Boutique.
 27703 | Elf:1    | Bought a scroll of identify for 26 gold pieces
 27703 | Elf:1    | Bought a scroll of identify for 26 gold pieces
 27703 | Elf:1    | Bought a scroll of identify for 26 gold pieces
 27703 | Elf:1    | Bought a scroll of brand weapon for 123 gold pieces
 27703 | Elf:1    | Bought a scroll of silence for 123 gold pieces
 27707 | Elf:1    | Reached skill level 10 in Shields
 27707 | Elf:1    | Reached XP level 17. HP: 101/101 MP: 29/29
 28007 | Elf:2    | Reached XP level 18. HP: 72/107 MP: 30/30
 28449 | Elf:2    | Found a gateway to a bazaar.
 28462 | Bazaar   | Entered a bazaar
 28464 | Bazaar   | Found Xulumyrao's Jewellery Boutique.
 28476 | Bazaar   | Found Ygysmul's Jewellery Shop.
 28480 | Bazaar   | Found Ureitoq's Antique Weapon Emporium.
 28526 | Bazaar   | Found Daegra's Antique Weapon Shop.
 28684 | Elf:2    | Identified the +3 hand axe of the Sea {freeze, rElec rC+
                  | Str+3}
 28954 | Elf:2    | Found a runed translucent gate.
 28955 | Elf:2    | Found a runed translucent gate.
 28955 | Elf:2    | Found a runed translucent gate.
 29571 | Snake:1  | Entered Level 1 of the Snake Pit
 29626 | Snake:1  | Found Joaho's Weapon Shop.
 29772 | Snake:1  | Reached skill level 15 in Shields
 29980 | Snake:1  | Reached skill level 5 in Dodging
 29983 | Snake:1  | Reached skill level 5 in Stealth
 30443 | Snake:2  | Acquired the +3 pair of boots "Gifaryl" {Int+4}
 30463 | Snake:2  | Found Lilixet's Magic Scroll Shoppe.
 30465 | Snake:2  | Found Dusodgh's General Store.
 30467 | Snake:2  | Found Toumuuhe's Jewellery Shoppe.
 30486 | Snake:2  | Bought a scroll of blinking for 127 gold pieces
 30486 | Snake:2  | Bought a scroll of enchant weapon for 127 gold pieces
 30486 | Snake:2  | Bought a scroll of enchant weapon for 127 gold pieces
 30489 | Snake:2  | Reached XP level 19. HP: 111/111 MP: 31/31
 30900 | Snake:2  | Identified the +0 cloak of Precision Catastrophes {rCorr}
 31053 | Snake:3  | Noticed Mlioglotl
 31060 | Snake:3  | Killed Mlioglotl
 31078 | Snake:3  | Found Gujy's Antique Armour Emporium.
 31089 | Snake:3  | Bought a shiny kite shield for 277 gold pieces
 31104 | Snake:3  | Found Teprirau's Antique Weapon Shop.
 31203 | Snake:3  | Found Saeqadgh's Assorted Antiques.
 31248 | Snake:3  | Found Unob's Antique Weapon Shoppe.
 31295 | Snake:3  | Found Egesutu's Magic Scroll Emporium.
 31883 | Snake:4  | Entered Level 4 of the Snake Pit
 31967 | Snake:4  | Reached skill level 5 in Axes
 32016 | Snake:4  | Found a glacial archway.
 32053 | IceCv    | Entered an ice cave
 32393 | IceCv    | Found the +8 frozen axe "Frostbite" {freeze, freezing
                  | cloud, *Noise Fly rC+}
 32591 | Snake:4  | Noticed Asterion
 32599 | Snake:4  | Killed Asterion
 32600 | Snake:4  | Reached XP level 20. HP: 117/117 MP: 32/32
 32745 | Snake:4  | Found Fiokeena's Armour Boutique.
 32963 | Snake:4  | Got a serpentine rune of Zot
 33320 | Shoals:1 | Entered Level 1 of the Shoals
 34207 | Shoals:4 | Entered Level 4 of the Shoals
 34283 | Shoals:4 | Found a white marble altar of Elyvilon.
 34322 | Shoals:4 | Identified the +1 glaive of Zutyoket {flame, *Slow Str+2
                  | Int+3 Dex+3}
 34363 | Shoals:4 | Got a barnacled rune of Zot
 34365 | Shoals:4 | Got an azure gem with 838 turns to spare
 34472 | Shoals:4 | Found a glowing golden altar of the Shining One.
 34532 | Shoals:4 | Identified the +0 pair of gloves of Awiff {Will+}
 34559 | Shoals:4 | Identified the +2 robe of Pandemonium {Regen+}
 34561 | Shoals:4 | Found a glowing silver altar of Zin.
 34574 | Shoals:4 | Reached XP level 21. HP: 94/124 MP: 33/33
 34589 | Shoals:4 | Identified the amulet of Qashrash {Reflect rElec rC+ Dex-2
                  | SH+5}
 34623 | Shoals:4 | Reached skill level 18 in Invocations
 34932 | Elf:3    | Entered Level 3 of the Elven Halls
 35531 | Elf:3    | Paralysed by a deep elf pyromancer for 3 turns
 35586 | Elf:3    | Identified the +2 short sword "Qappe" {flame, rC+ rN+ rCorr
                  | Stlth-}
 35664 | Elf:3    | Reached skill level 19 in Invocations
 35774 | Elf:3    | Identified the +1 ring mail of Boiling Hail {rCorr}
 35887 | Elf:3    | Identified the ring of Fettaiqo {rF+ rC++ rN+++ Dex-5
                  | Stlth-}
 35910 | Elf:3    | Reached skill level 15 in Maces & Flails
 35926 | Elf:3    | Identified the +5 quarterstaff of Invincibility {flame,
                  | Dex+3}
 35997 | Elf:3    | Got Qatuc's Monograph on the Iceberg and Bewitchment
 36003 | Elf:3    | Identified the ring "Goje" {EV+5 Int+4}
 36010 | Elf:3    | Identified the ring of Vemay {rC+ Str+6}
 36016 | Elf:3    | Got the Enchiridion on Support and the Tropics
 36035 | Elf:3    | Identified the staff of Dividends {rC+ rCorr Dex+4 Ice}
 36037 | Elf:3    | Got Faof's Compendium of the Ground
 36410 | Vaults:1 | Entered Level 1 of the Vaults
 38048 | Vaults:2 | Reached XP level 22. HP: 132/132 MP: 35/35
 38752 | Vaults:2 | Found Noejevip's Weapon Emporium.
 39007 | Vaults:3 | Found Anyhoog's Magic Scroll Emporium.
 39008 | Vaults:3 | Found Qotz's Distillery.
 39015 | Vaults:3 | Bought a scroll of enchant armour for 135 gold pieces
 39015 | Vaults:3 | Bought a scroll of enchant weapon for 135 gold pieces
 39015 | Vaults:3 | Bought a scroll of teleportation for 54 gold pieces
 39144 | Vaults:3 | Found a staircase to the Crypt.
 39144 | Vaults:3 | Found a basalt altar of Yredelemnul.
 39145 | Vaults:3 | Found an ancient bone altar of Kikubaaqudgha.
 39585 | Vaults:3 | Found Merry's Antique Armour Shop.
 39645 | Vaults:3 | Found Vudycufo's Antique Weapon Shop.
 40300 | Vaults:4 | Found a flickering gateway to a bazaar.
 40315 | Bazaar   | Entered a bazaar
 40316 | Bazaar   | Found Xaad's Antique Weapon Emporium.
 40342 | Bazaar   | Found Nuaguj's Book Shoppe.
 40348 | Bazaar   | Found Vileir's Distillery.
 40350 | Bazaar   | Found Qus Qyf's Book Shop.
 40367 | Bazaar   | Bought a potion of haste for 70 gold pieces
 40367 | Bazaar   | Bought a potion of heal wounds for 35 gold pieces
 40367 | Bazaar   | Bought a potion of curing for 21 gold pieces
 40367 | Bazaar   | Bought a potion of heal wounds for 35 gold pieces
 40367 | Bazaar   | Bought a potion of curing for 21 gold pieces
 40367 | Bazaar   | Bought a potion of invisibility for 56 gold pieces
 40497 | Vaults:4 | Found the amulet of Vitality {RegenMP++ Regen++}
 40582 | Vaults:4 | Noticed Boris
 40592 | Vaults:4 | Killed Boris
 41860 | Vaults:5 | Entered Level 5 of the Vaults
 42450 | Vaults:5 | Reached XP level 23. HP: 99/136 MP: 36/36
 42451 | Vaults:5 | Reached skill level 20 in Invocations
 42739 | Vaults:5 | Noticed an ancient lich
 42747 | Vaults:5 | Killed an ancient lich
 42836 | Vaults:5 | Identified the ring "Otosti" {rC- Str+2 Int+6 Slay+3}
 43003 | Vaults:5 | Identified the +7 great sword of the Skies Above {vamp,
                  | rElec}
 43153 | Vaults:5 | Reached skill level 21 in Invocations
 43295 | Vaults:5 | Identified the +1 leather armour of Gallantry {+Inv Will+
                  | rCorr}
 43299 | Abyss:2  | Cast into level 2 of the Abyss (a deep elf demonologist)
 43356 | Abyss:2  | Paralysed by accursed screaming for 1 turns
 43499 | Abyss:3  | Found a corrupted altar of Lugonu.
 43578 | Abyss:3  | Got an abyssal rune of Zot
 43585 | Vaults:5 | Escaped the Abyss
 43633 | Vaults:5 | Paralysed by a sphinx for 4 turns
 43864 | Vaults:5 | Identified the +4 spear "Spiderslayer" {flame, rN+}
 43874 | Vaults:5 | Identified the +4 orcbow "Omelette" {antimagic, Stlth+}
 43874 | Vaults:5 | Identified the +0 plate armour of Zeimaati {rPois Str+3
                  | Slay+3}
 43874 | Vaults:5 | Identified the +6 chain mail of Deages {^Drain rN+ Str+6
                  | Stlth-}
 44169 | Vaults:5 | Identified the +4 flail "Xuilozar" {heavy, *Corrode rF+++
                  | Str+7}
 44300 | Vaults:5 | Gained mutation: You are frail. (-10% HP) [a shining eye]
 44315 | Vaults:4 | Lost mutation: You are frail. (-10% HP) [potion of
                  | mutation]
 44315 | Vaults:4 | Gained mutation: You are partially covered in iridescent
                  | scales. (AC +2) [potion of mutation]
 44315 | Vaults:4 | Gained mutation: You are strong-willed. (Will+) [potion of
                  | mutation]
 44513 | Vaults:5 | Reached XP level 24. HP: 143/143 MP: 37/37
 44809 | Vaults:5 | Got Zuudgh's Teachings on Harmful Execration
 44857 | Vaults:5 | Identified the staff "Roonlewk" {*Slow rPois rN+++ Earth
                  | Alchemy}
 44900 | Vaults:5 | Identified the -1 cloak "Tuajok" {Will+}
 45005 | Vaults:5 | Identified the +3 ring mail of Asceticism {Str+4}
 45021 | Vaults:5 | Identified the +5 morningstar "Kaick" {spect, rElec rC+++
                  | rCorr Int-3}
 45396 | Vaults:5 | Noticed an ancient lich
 45404 | Vaults:5 | Killed an ancient lich
 45587 | Vaults:5 | Got a silver rune of Zot
 45659 | Vaults:5 | Found Keishrogh's Antique Weapon Shoppe.
 45666 | Vaults:5 | Identified the +0 chain mail "Buogiwax" {rF++}
 45861 | Depths:1 | Entered Level 1 of the Depths
 46416 | Depths:1 | Found a one-way gateway to a ziggurat.
 46454 | Depths:1 | Found Dukaarel's Jewellery Shop.
 46454 | Depths:1 | Found Qacera's Book Emporium.
 46455 | Depths:1 | Found Zoqiy's Book Emporium.
 46486 | Depths:1 | Found a gateway to Hell.
 46587 | Depths:1 | Found a runed translucent gate.
 46599 | Depths:1 | Found a runed translucent gate.
 46599 | Depths:1 | Found a runed translucent gate.
 46739 | Depths:1 | Found a runed translucent gate.
 46739 | Depths:1 | Found a runed translucent gate.
 46741 | Depths:1 | Noticed Xutext's ghost (adept DsAK)
 46746 | Depths:1 | Found a runed translucent gate.
 46766 | Depths:1 | Killed Xutext's ghost
 46844 | Depths:2 | Noticed Boris
 46851 | Depths:2 | Killed Boris
 46854 | Depths:2 | Noticed the Enchantress
 46861 | Depths:2 | Killed the Enchantress
 46905 | Depths:2 | Reached XP level 25. HP: 134/151 MP: 37/37
 46986 | Depths:2 | Gained mutation: You occasionally shout uncontrollably at
                  | your foes. [a shining eye]
 47122 | Depths:2 | Noticed Grunn
 47195 | Depths:2 | Reached skill level 22 in Invocations
 47234 | Depths:2 | Identified the staff of Nisishe {+Blink rElec rCorr Int+2
                  | Dex+2 Air}
 47235 | Depths:2 | Identified the staff "Gefydor" {rElec Tloc Air}
 47236 | Depths:2 | Identified the staff of Callousness {rElec rF+ Fire}
 47251 | Depths:2 | Noticed an ancient lich
 47259 | Depths:2 | Killed an ancient lich
 47273 | Depths:2 | Found a one-way gate leading to the halls of Pandemonium.
 47276 | Depths:2 | Noticed Saint Roka
 47289 | Depths:2 | Killed Saint Roka
 47345 | Depths:2 | Killed Grunn
 47443 | Depths:2 | Paralysed by a sphinx for 4 turns
 47529 | Depths:2 | Noticed Nikola
 47546 | Depths:2 | Killed Nikola
 47569 | Depths:2 | Reached skill level 23 in Invocations
 47594 | Depths:2 | Identified the staff "Qiummoiss" {Conj Air Earth}
 47837 | Depths:3 | Noticed Boris
 47844 | Depths:3 | Killed Boris
 48275 | Depths:3 | Found a one-way gate to the infinite horrors of the Abyss.
 48622 | Depths:4 | Entered Level 4 of the Depths
 48740 | Depths:4 | Reached XP level 26. HP: 138/158 MP: 38/38
 48754 | Depths:4 | Found a gate to the Realm of Zot.
 48836 | Depths:4 | Got a midnight gem with 338 turns to spare
 48911 | Zot:1    | Entered Level 1 of the Realm of Zot
 49326 | Zot:4    | Found a transporter.
 49327 | Zot:4    | Identified the +6 spear "Osibron" {protect, Will- MP+9
                  | Int+5}
 49332 | Zot:4    | Noticed Netemen's ghost (master GnFi)
 49332 | Zot:4    | Noticed Decrayps's ghost (veteran FeEn)
 49333 | Zot:4    | Noticed Emnejil's ghost (master VSBe)
 49357 | Zot:5    | Entered Level 5 of the Realm of Zot
 49408 | Zot:4    | Noticed an orb of fire
 49467 | Zot:5    | Noticed an orb of fire
 49471 | Zot:5    | Noticed an orb of fire
 49482 | Zot:5    | Killed an orb of fire
 49487 | Zot:5    | Killed an orb of fire
 49498 | Zot:5    | Noticed an ancient lich
 49507 | Zot:5    | Killed an ancient lich
 49526 | Zot:5    | Noticed an orb of fire
 49538 | Zot:5    | Killed an orb of fire
 49541 | Zot:5    | Noticed a Killer Klown
 49547 | Zot:5    | Killed a Killer Klown
 49572 | Zot:5    | Noticed an ancient lich
 49576 | Zot:5    | Noticed an ancient lich
 49585 | Zot:5    | Noticed an ancient lich
 49586 | Zot:5    | Killed an ancient lich
 49591 | Zot:5    | Killed an ancient lich
 49592 | Zot:5    | Noticed an orb of fire
 49592 | Zot:5    | Noticed a dread lich
 49592 | Zot:5    | Noticed a dread lich
 49609 | Zot:4    | Killed an ancient lich
 49650 | Zot:5    | Paralysed by a dread lich for 2 turns
 49651 | Zot:5    | Noticed a dread lich
 49652 | Zot:5    | Gained mutation: Your health recovers twice as slowly from
                  | being drained. [an orb of fire]
 49654 | Zot:4    | Paralysed by a dread lich for 2 turns
 49664 | Zot:4    | Killed a dread lich
 49669 | Zot:4    | Killed an orb of fire
 49670 | Zot:4    | Reached XP level 27. HP: 107/165 MP: 38/38
 49691 | Zot:5    | Killed a dread lich
 49701 | Zot:5    | Killed a dread lich
 49732 | Zot:5    | Got a prismatic gem with 416 turns to spare
 49853 | Zot:5    | Got the Orb of Zot
 50149 | D:14     | Noticed Yggits the pandemonium lord
 50394 | D:6      | Gained mutation: You are weak. (Str -2) [a cacodemon]
 50534 | D:$      | Escaped with the Orb!

Illustrated notes

Levels and vault maps discovered:
D:1:      grunt_arrival_crossed_arrows, layout_basic, serial_shops,
          nicolae_shop_dealshenge, minmay_tromino_v4_b
D:2:      minmay_razor_zed, layout_basic
D:3:      layout_rooms, shapermc_ecumenical_altar_hornbeckon
D:4:      layout_rooms, grunt_temple_overflow_open
D:5:      layout_loops_cross, fiery_altar_vehumet,
          nicolae_shop_i_like_small_books_too
D:6:      layout_loops_cross, grunt_temple_overflow_opulence, slow_altar_1,
          lemuel_temple_firewalk_b, ebering_ghost_reflecting_pool, st_stairs_8,
          minmay_misc_feat_diagonals, minivault_25,
          minmay_hollow_rounded_squares
D:7:      layout_rooms, minmay_microvault, uniq_maurice, uniq_maggie,
          uniq_duvessa
D:8:      layout_basic, serial_corexii_hall, corexii_hall_statues_x,
          chequers_hall_statues_y, minmay_between
D:9:      layout_loops_ring, nicolae_ru_path_of_blood, david_orc_1_choice
D:10:     layout_loops_ring, mainiacjoe_overflow_alcove_1,
          nicolae_wu_jian_immortal_techniques, roderic_cross_of_infinity,
          hangedman_abyss_or_decor_slice, uniq_josephine
D:11:     layout_roguey, lair_entry_dummy, minmay_increasing_density
D:12:     layout_long_grid, serial_shops, nicolae_shop_peninsula, uniq_jorgrun
D:13:     layout_rooms, st_stairs_7, roderic_serpentine_path, fedhas_altar_3,
          uniq_azrael
D:14:     layout_stronghold, grunt_vaults_entry_tiered, minmay_variable_closet
D:15:     gammafunk_depths_entry_grave, layout_cave_pools,
          minmay_misc_feat_roman
Temple:   grunt_temple_mini_profane
Lair:1:   cheibrodos_lair_river_kwai, layout_hall_layers,
          nicolae_volcano_entry_vermiform, nzn_sisyphean_effort
Lair:2:   layout_roguey, nicolae_snake_entry_squirm, grunt_megastairs_4
Lair:3:   layout_layer_cave, nicolae_shoals_entry_roost,
          grunt_forest_large_clearing_hut
Lair:4:   layout_loops_ring, gauntlet_entry_generic, grunt_megastairs_3,
          uniq_kirke
Lair:5:   hangedman_lair_in_review, layout_big_grid, wormcave, slime_entry_2,
          ebering_ghost_inner_flame
Shoals:1: cheibrodos_shoals_three_sisters, layout_shoals, argonaut_gorgonesque
Shoals:2: layout_shoals, st_shoals_ruin
Shoals:3: nicolae_shoals_mermall, layout_shoals
Shoals:4: shoals_end_hellmonk_holy_island
Snake:1:  layout_layer_cave, serial_shops, shop, grunt_ministairs_1,
          nicolae_snake_herptile_family_reunion
Snake:2:  layout_misc_corridors, minmay_shop_star
Snake:3:  layout_cave_pods, serial_shops, shop, shop, shop,
          nicolae_diamond_shop, nicolae_diamond_shop, serial_bayou_shore_b,
          uniq_mlioglotl
Snake:4:  hellmonk_snake_rune_quicksilver_temple, layout_rooms, serial_shops,
          nicolae_lakefront_shop, portal_ice_cave_entry_pillars_1, uniq_asterion
Orc:1:    cheibrodos_orc_bank, layout_caves
Orc:2:    st_orc_town, layout_caves, ebering_ghost_gozag
Elf:1:    eino_elf_arrival_the_gate, layout_onion_city, serial_glass,
          glass_columns_b, glass_columns_a, glass_columns_c, glass_columns_c,
          glass_columns_a, glass_columns_a, serial_shops,
          nicolae_lakefront_shop, nicolae_shop_just_a_little_nook, shop, shop,
          nicolae_shop_waterfront, minivault_28, nicolae_elf_big_sculpture_1
Elf:2:    nicolae_elf_blades_crystal_corner, layout_loops_corners, serial_shops,
          statue_bzr
Elf:3:    minmay_elf_hall, layout_geoelf_octagon, nicolae_elf_martial_mastery
Vaults:1: hangedman_vaults_snaps, vaults_standard_mumra_lines,
          vaults_room_octagon, kennysheep_ogre_elephant_herders, v_misc_25,
          v_misc_24, v_misc_25, nicolae_vaults_stepped_doors,
          nicolae_vaults_asterisk, hangedman_vaults_stagger,
          vaults_room_grunt_arrival_checkpoint, nicolae_vaults_two_Ls,
          nicolae_vaults_diamond_2, layout_vaults_big_cross
Vaults:2: v_misc_19, nicolae_vaults_sightless_eye,
          nicolae_vaults_little_squares_1, nicolae_vaults_specimen_jars,
          vaults_dpeg_diagonal, vaults_standard_mumra_enter_the_diamond,
          nicolae_vaults_closet_pinwheel_3, nicolae_vaults_cochlea,
          nicolae_vaults_taking_the_gang_shopping, layout_vaults_big_room
Vaults:3: grunt_vaults_diagonal, ontoclasm_vaults_decontamination,
          nicolae_vaults_alarming, nicolae_vaults_variable_pillar_hall_cross,
          v_misc_8, ontoclasm_vaults_ligature, minmay_crypt_entry_necro_gods,
          vaults_standard_mumra_x, layout_vaults_omnigrid, serial_shops, shop,
          shop, nicolae_shop_window_shopping, shop, uniq_margery
Vaults:4: nicolae_vaults_theta, nicolae_vaults_bisected_inception,
          nicolae_vaults_network_quincunx
          [nicolae_vaults_network_quincunx_subvault,
          nicolae_vaults_network_quincunx_subvault,
          nicolae_vaults_network_quincunx_subvault,
          nicolae_vaults_network_quincunx_subvault,
          nicolae_vaults_network_quincunx_subvault], ontoclasm_vaults_chip,
          nicolae_vaults_tetromino_L_2, nicolae_vaults_layer_cake_slice,
          nicolae_vaults_mitosis, v_pattern_1, nicolae_vaults_storage_closets_1,
          nicolae_vaults_three_branches, nicolae_vaults_surprise_closet_hard,
          layout_vaults_maze_snakey, serial_shops, bzr_entry_water, uniq_boris
Vaults:5
Depths:1: cheibrodos_salmonella, layout_cave_pools, enter_ziggurat_a,
          pf_hell_entry_great_geh, ploomutoo_gammafunk_ghost_potion_laboratory,
          nicolae_water_bricks, kennysheep_generic_room_3, minmay_shop_grove
Depths:2: hangedman_crystal_crosses_colossus [crystal_crosses_arms_two,
          crystal_crosses_arms_one, crystal_crosses_arms_one], pan_entry,
          hell_entry, uniq_nikola, uniq_grunn, uniq_saint_roka, uniq_enchantress
Depths:3: nicolae_hitomezashi [nicolae_hito_row, nicolae_hito_row,
          nicolae_hito_row, nicolae_hito_row, nicolae_hito_row,
          nicolae_hito_row, nicolae_hito_row, nicolae_hito_row,
          nicolae_hito_row, nicolae_hito_row, nicolae_hito_row,
          nicolae_hito_row, nicolae_hito_row, nicolae_hito_row,
          nicolae_hito_row, nicolae_hito_row, nicolae_hito_row,
          nicolae_hito_row], layout_cave_shapes, pf_coc_iceberg,
          serial_column_ruins, column_ruins_portal_hut, column_ruins_hut,
          column_ruins_square_large, column_ruins_open_small,
          column_ruins_open_tiny, column_ruins_open_medium, abyss_entry_crystal,
          minmay_misc_feat_cross, hangedman_decor_slide_cut
Depths:4: grunt_crosshair, layout_cave_shapes, grunt_hell_entry_dis_mu,
          abyss_entry_flame_altar, chequers_jeans, uniq_sojobo
Zot:1:    layout_cathedral_of_symmetry, regret_index_zotdec_banners
Zot:2:    layout_misc_corridors
Zot:3:    layout_misc_corridors
Zot:4:    layout_twisted_circle, nzn_ghost_randoct, uniq_tiamat
Zot:5:    layout_twisted_circle

Skill      XL: |  1  2  3  4  5  6  7  8  9 10 11 12 13 14 15 16 17 18 19 20 21 22 23 24 25 26 27 |
---------------+----------------------------------------------------------------------------------+-----
Fighting       | 3 4 6 7 9 10 11 12 13 15 16 18 20 21 22 | 22.0
Dodging        | 3 6 |  6.0
Armour         | 1 2 3 4 6 8 9 10 11 12 13 15 16 18 20 21 22 | 22.0
Maces & Flails | 4 5 7 8 9 10 11 14 15 16 17 19 20 21 | 21.1
Invocations    | 2 8 11 12 13 14 16 17 19 21 23 | 23.0
Evocations     | 5 6 9 |  9.1
Axes           | 2 9 |  9.7
Throwing       | 4 |  4.0
Stealth        | 1 6 9 |  9.0
Shields        | 1 10 11 15 16 18 20 21 | 21.5

Action                     |  1- 3 |  4- 6 |  7- 9 | 10-12 | 13-15 | 16-18 | 19-21 | 22-24 | 25-27 || total
---------------------------+-------+-------+-------+-------+-------+-------+-------+-------+-------++-------
  Melee: Flail             |   110 |   257 |    12 |       |       |       |       |       |       ||   379
         Punch             |     2 |       |    10 |    15 |    15 |       |       |       |       ||    42
         Whip              |       |       |   393 |   647 |       |       |       |       |       ||  1040
         Mace              |       |       |       |   255 |   135 |     3 |       |       |       ||   393
         Broad axe         |       |       |       |       |   681 |   501 |   270 |       |       ||  1452
         Demon whip        |       |       |       |       |       |       |   657 |  1003 |   745 ||  2405
         Unarmed           |       |       |       |       |       |       |       |    10 |       ||    10
         Sacred scourge    |       |       |       |       |       |       |       |       |    48 ||    48
  Throw: Throwing net      |       |     2 |     2 |       |       |       |       |       |       ||     4
         Javelin           |       |       |       |       |       |       |     3 |     2 |       ||     5
 Invoke: Ancestor Life: He |       |       |       |     1 |       |       |       |       |       ||     1
         Recall Ancestor   |       |       |       |     1 |     6 |     4 |     6 |     7 |     7 ||    31
         Transference      |       |       |       |       |     4 |       |       |       |       ||     4
         Idealise          |       |       |       |       |     3 |     1 |     1 |     7 |     1 ||    13
  Evoke: Wand              |       |       |       |    25 |     1 |    10 |    16 |     7 |     3 ||    62
         Phial of floods   |       |       |       |     2 |       |       |       |       |       ||     2
         Lightning rod     |       |       |       |       |     4 |     3 |     2 |     4 |     2 ||    15
         Tin of tremorston |       |       |       |       |     1 |     3 |     4 |     2 |     2 ||    12
         Box of beasts     |       |       |       |       |       |       |       |     2 |       ||     2
         Phantom mirror    |       |       |       |       |       |       |       |       |     1 ||     1
    Use: Potion            |     2 |       |     3 |     6 |     2 |     4 |     7 |    14 |    10 ||    48
         Scroll            |       |       |     7 |    13 |     8 |    12 |    14 |    18 |     6 ||    78
   Stab: Held in net/web   |       |       |     2 |       |       |       |       |       |       ||     2
         Paralysed         |       |       |       |     2 |    43 |    46 |    77 |    50 |    36 ||   254
         Invisible         |       |       |       |     1 |       |       |       |       |       ||     1
         Distracted        |       |       |       |     8 |    16 |    14 |    29 |    35 |    27 ||   129
         Confused          |       |       |       |     6 |    15 |    12 |    70 |    52 |    37 ||   192
         Fleeing           |       |       |       |       |       |       |       |       |     1 ||     1
 Armour: Leather armour    |     4 |       |       |       |       |       |       |       |       ||     4
         Ring mail         |    22 |       |       |       |       |       |       |       |       ||    22
         Plate armour      |    54 |       |   327 |   725 |   815 |   508 |   421 |   345 |    93 ||  3288
         Scale mail        |    18 |   195 |    23 |       |       |       |       |       |       ||   236
         Skin              |       |       |       |       |       |       |       |     3 |       ||     3
         Gold dragon scale |       |       |       |       |       |       |       |       |   261 ||   261
  Dodge: Dodged            |    46 |   148 |    95 |   228 |   544 |   229 |   266 |   103 |    89 ||  1748
  Block: Kite shield       |       |       |       |       |    17 |   342 |   281 |       |       ||   640
         Tower shield      |       |       |       |       |       |       |   410 |   749 |   626 ||  1785
         Reflection        |       |       |       |       |       |       |    49 |    40 |    18 ||   107
Riposte: Broad axe         |       |       |       |       |    97 |   140 |    82 |       |       ||   319
         Mace              |       |       |       |       |     3 |     2 |       |       |       ||     5
         Demon whip        |       |       |       |       |       |       |   137 |   260 |   181 ||   578
         Sacred scourge    |       |       |       |       |       |       |       |       |    16 ||    16
